 Dungeon Crawl Stone Soup version 0.13-a0-2940-gab44624 (webtiles) character file.

214 PolkaDot the Ruinous (level 4, -1/28 HPs)
             Began as a Vampire Wizard on Sept 4, 2013.
             Killed by divine providence
             ... invoked by an orc priest
              (13 damage)
             ... on Level 4 of the Dungeon.
             The game lasted 00:11:55 (2692 turns).

PolkaDot the Ruinous (Vampire Wizard)               Turns: 2692, Time: 00:11:56

HP  -1/28        AC  5     Str  6      XL: 4   Next: 85%
MP  12/12        EV 12     Int 21      God:
Gold 87          SH  0     Dex 12      Spells:  3 memorised,  2 levels left

Res.Fire  : . . .   See Invis. : +   m - +2,+0 spear (pierce)
Res.Cold  : . . .   Warding    : .   a - +0 robe
Life Prot.: . . .   Conserve   : .   (no shield)
Res.Poison: .       Res.Corr.  : .   b - +0 wizard hat
Res.Elec. : .       Clarity    : .   (no cloak)
Sust.Abil.: . .     Spirit.Shd : .   t - +2 pair of gauntlets
Res.Mut.  : .       Stasis     : .   (no boots)
Res.Rott. : .       Flight     : .   (no amulet)
Saprovore : . . .                    (no ring)
                                     (no ring)

@: regenerating quickly, slightly resistant to hostile enchantments, stealthy
A: fangs 3, see invisible, unbreathing
a: no special abilities


You were on level 4 of the Dungeon.
You were very full.

You visited 1 branch of the dungeon, and saw 4 of its levels.

You collected 67 gold pieces.

Inventory:

Hand weapons
 j - a +2,+0 elven short sword
 m - a +2,+0 spear of piercing (weapon)
Armour
 a - a +0 robe (worn)
 b - a +0 wizard hat (worn)
 t - a +2 pair of gauntlets (worn)
 u - a cursed +0 buckler
Magical devices
 d - a wand of enslavement (17)
 p - a wand of fire (5)
Scrolls
 f - a scroll of remove curse {unknown}
 g - 2 scrolls of fear {unknown}
 k - a scroll of curse armour {unknown}
 l - 4 scrolls of identify {unknown}
 o - a scroll of fog {unknown}
 q - a scroll of amnesia {unknown}
 r - a scroll of magic mapping {unknown}
 s - a scroll of recharging {unknown}
Potions
 e - a potion of agility {unknown}
 h - a potion of curing {unknown}
 i - a potion of heal wounds {unknown}
 n - a potion of slowing {unknown}
Books
 c - a book of Minor Magic

   Spells                             Type                      Level
   *Magic Dart                        Conjuration                  1
   Blink                              Translocation                2
   Call Imp                           Summoning                    2
   Repel Missiles                     Charms/Air                   2
   Slow                               Hexes                        2
   *Conjure Flame                     Conjuration/Fire             3
   *Mephitic Cloud                    Conjuration/Poison/Air       3


   Skills:
 - Level 2.1 Dodging
 - Level 3.0 Stealth
 - Level 3.0 Spellcasting
 * Level 3.5 Conjurations
   Level 1.0 Summonings
   Level 0.7 Translocations


You had 2 spell levels left.
You knew the following spells:

 Your Spells              Type           Power        Failure   Level  Hunger
a - Magic Dart            Conj           ###.         3%          1    None
d - Mephitic Cloud        Conj/Pois/Air  #.......     30%         3    ###....
s - Conjure Flame         Conj/Fire      ##......     21%         3    ###....


Dungeon Overview and Level Annotations

Branches:
Dungeon (4/27)
 Temple: D:4-7

Altars:
Cheibriados


Innate Abilities, Weirdness & Mutations

Your natural rate of healing is unusually fast.
You have razor-sharp teeth.*
You have supernaturally acute eyesight.
You can survive without breathing.*


Message History

The orc priest picks up an uncursed orcish dagger.
You hit the orc priest but do no damage.
The orc priest is moderately wounded.
The orc priest invokes the aid of Beogh against you.
Pain shoots through your body!
You closely miss the orc priest.
The orc priest is moderately wounded.
The orc priest hits you but does no damage.
You hit the orc priest.
The orc priest is heavily wounded.
The orc priest hits you with an orcish short sword.
You hit the orc priest but do no damage.
The orc priest is heavily wounded.
The orc closely misses you.
The orc priest hits you with an orcish short sword.
An orc comes into view. It is wielding an orcish falchion.
The orc priest becomes somewhat translucent.
The orc priest calls down the wrath of Beogh upon you.
Something smites you!
You die...

..# ..+ ..#
..# o.# ###%#
###.oo#
##.o.###
#.@###
#########
###.#######
........#
#.........#
........#
#.........#
>.......#
#.........#
.?o.<...#
#.........#
!...o...#
#......<..#
........#
#.........#
........#
#...........#


You could see an orc priest and 2 orcs.

Vanquished Creatures
  An orc priest (D:4)
  4 adders (D:2)
  2 worms
  4 giant geckos
  An orc (D:3)
  6 bats
  6 hobgoblins
  2 quokkas (D:3)
  4 ball pythons
  2 giant cockroaches (D:3)
  8 giant newts
  14 goblins
  6 jackals
  11 kobolds
  7 rats
78 creatures vanquished.

Notes
Turn   | Place    | Note
--------------------------------------------------------------
     0 | D:1      | PolkaDot, the Vampire Wizard, began the quest for the Orb.
     0 | D:1      | Reached XP level 1. HP: 11/11 MP: 6/6
    92 | D:1      | Reached skill level 1 in Conjurations
   321 | D:1      | Reached XP level 2. HP: 17/17 MP: 2/8
   981 | D:1      | Reached XP level 3. HP: 22/22 MP: 8/10
  1440 | D:2      | Reached XP level 4. HP: 17/28 MP: 9/12
  1569 | D:2      | Learned a level 3 spell: Conjure Flame
  1573 | D:2      | Learned a level 3 spell: Mephitic Cloud
  1784 | D:3      | Found a snail-covered altar of Cheibriados.
  2692 | D:4      | Killed from afar by an orc priest

Action                   |  1- 3 |  4- 6 || total
-------------------------+-------+-------++-------
Melee: Unarmed           |    19 |       ||    19
       Short sword       |     2 |       ||     2
       Spear             |       |    73 ||    73
 Cast: Magic Dart        |    88 |    26 ||   114
       Conjure Flame     |       |     3 ||     3
Evoke: Wand              |       |     2 ||     2
 Stab: Sleeping          |       |     6 ||     6
